 Dungeon Sprint DCSS version 0.29-a0-925-g0a7a3d12f8 (webtiles) character file.

Game seed: 5287425811333930328

847 Hipnos the Fighter (level 7, -1/68 HPs)
             Began as a Demonspawn Chaos Knight on July 28, 2022.
             Was a Plaything of Xom.
             Slain by a boulder beetle (44 damage)
             ... in the Dungeon (Sprint II: "The Violet Keep of Menkaure").
             The game lasted 00:04:16 (338 turns).

Hipnos the Fighter (Demonspawn Chaos Knight)         Turns: 338, Time: 00:04:16

Health: -1/68      AC: 21    Str: 15    XL:     7   Next: 68%
Magic:  7/7        EV:  5    Int: 13    God:    Xom [.*....]
Gold:   26         SH:  4    Dex: 12    Spells: 6/6 levels left

rFire   . . .      SeeInvis .   a - +0 falchion (chaos)
rCold   + . .      Faith    .   (no shield)
rNeg    . . .      Spirit   .   k - +3 plate armour {rC+}
rPois   +          Reflect  .   (no helmet)
rElec   .          Harm     .   l - +1 cloak
rCorr   .          Rampage  .   (no gloves)
Will    .....      NoTele   +   (no boots)
Stlth   ..........              (no amulet)
HPRegen 0.21/turn               j - ring of poison resistance
MPRegen 0.10/turn               (no ring)

@: no status effects
A: icemail 1, condensation shield, weakness stinger 1
a: Renounce Religion


You were in the Dungeon.
You worshipped Xom.
You were a plaything of Xom.
You visited 1 branch You collected 729 gold pieces.
You spent 703 gold pieces at shops.

Inventory:

Hand Weapons
 a - a +0 falchion of chaos (weapon)
Armour
 b - a +2 leather armour
 k - a +3 plate armour of cold resistance (worn)
 l - a +1 cloak (worn)
Jewellery
 j - a ring of poison resistance (left hand)
Scrolls
 i - a scroll of blinking
Potions
 d - a potion of curing
 e - a potion of heal wounds
 f - a potion of haste
 g - 2 potions of magic
 h - a potion of berserk rage
Miscellaneous
 c - a piece from Xom's chessboard (12/15) (quivered)


   Skills:
 + Level 11.3 Fighting
 + Level 11.0 Long Blades
 + Level 5.2 Armour
 + Level 2.4 Dodging
 + Level 0.1 Shields


You had 6 spell levels left.
You didn't know any spells.
Your spell library was empty.

Dungeon Overview and Level Annotations

Branches:
Dungeon (1/1)

Altars:

Shops:
D :=(:=[!*!?!!!:[

Annotations:
D exclusion: oklob plant


Innate Abilities, Weirdness & Mutations

A meltable icy envelope protects you from harm. (AC +4)
A meltable shield of frost defends you. (SH +4)
You have a small tail.


Message History

There is an entrance to Bamyd's Distillery here.
There is an entrance to Corocaqu's General Store here.
There is an entrance to Osusirphidi's Jewellery Boutique here.
There is an entrance to Plog's Jewellery Shop here.
There is an entrance to Uvoraiwa's Book Shop here.
There is an entrance to Nolinof's Distillery here.
There is an entrance to Hoboew's Antique Weapon Boutique here.
There is an entrance to Deveuf's Antique Armour Boutique here.
l - a +1 cloak Thank you for shopping at Deveuf's Antique Armour Boutique!
You start putting on your armour.
You continue putting on your +1 cloak. x4
You finish putting on your +1 cloak.
There is an entrance to Nolinof's Distillery here.
There is an open door here.
You enter the shallow water.
Moving in this stuff is going to be slow.
There is an open door here.
There is an open door here.
As you open the door, it creaks loudly!
The walls and floor vibrate strangely for a moment.
The boulder beetle waves its antennae.
The boulder beetle leaps!
There is an open door here.
You make a move on Xom's chessboard...
The boulder beetle seems to grow stronger.
You make a move on Xom's chessboard...
The boulder beetle twists and deforms.
The boulder beetle bites you!!
You make a move on Xom's chessboard...
The boulder beetle seems to slow down.
You hit the boulder beetle.
The boulder beetle is lightly wounded.
The boulder beetle leaps!
The boulder beetle bites you but does no damage.
The boulder beetle curls into a ball and begins rolling!
The boulder beetle curls into a ball and begins rolling!
There is an open door here.
The boulder beetle attacks as you move away!
The boulder beetle hits you!!!
Ouch! That really hurt!
You die...
Xom guffaws!

..∩.∩...#†##. ##'# #.#
...∩.∩..#≈#$B.##.##.#
....∩.∩.'≈+ #'.<.'##
.....∩.∩#≈#...##.##.#
▓▓▓▓▓▓###≈##. ##○###.#
SSY######≈≈####°..####


$YS#H ##≈≈≈#°°#).# ≈ ∩PY+. #†#≈##BB.## ≈≈≈ )$. ? #.#≈≈##@##≈≈≈≈≈ !..
####≈≈≈≈≈≈≈≈≈≈§ #+ #+++#+++#§≈§ SSS≈ §≈S≈≈≈≈ ≈≈S§≈≈≈≈≈+ ≈≈≈≈§≈≈≈≈## ##≈≈≈≈≈≈≈##
####+#### You could see 2 boulder beetles and 5 electric eels.

Vanquished Creatures
  A merfolk siren (D)
  2 wyverns (D)
  A vampire mosquito (D)
  A water moccasin (D)
  3 worms (D)
8 creatures vanquished.

Vanquished Creatures (others)
  Menkaure (D)
  A water moccasin (D)
2 creatures vanquished.

Grand Total: 10 creatures vanquished

Notes
Turn   | Place    | Note
-------+----------+-------------------------------------------
     0 | D        | Hipnos the Demonspawn Chaos Knight began the quest for the
                  | Orb.
     0 | D        | Reached XP level 1. HP: 18/18 MP: 1/1
     1 | D        | Noticed a wyvern
     1 | D        | Noticed a wyvern
     6 | D        | XOM: potion effect (might)
    17 | D        | Reached skill level 1 in Dodging
    19 | D        | Gained mutation: You have a small tail. [demonic ancestry]
    19 | D        | Reached XP level 2. HP: 23/25 MP: 2/2
    34 | D        | Noticed a merfolk siren
    35 | D        | XOM: enchant monster (good)
    41 | D        | Killed a merfolk siren
    41 | D        | Killed a water moccasin
    42 | D        | Reached XP level 3. HP: 39/39 MP: 3/3
    42 | D        | Reached XP level 4. HP: 46/46 MP: 4/4
    42 | D        | Gained mutation: A meltable shield of frost defends you.
                  | (SH +4) [demonic ancestry]
    42 | D        | Reached XP level 5. HP: 52/52 MP: 5/5
    42 | D        | Gained mutation: A meltable icy envelope protects you from
                  | harm. (AC +4) [demonic ancestry]
    42 | D        | Reached XP level 6. HP: 58/58 MP: 6/6
    48 | D        | Noticed a boulder beetle
    48 | D        | Noticed a boulder beetle
    61 | D        | Killed a wyvern
    62 | D        | Reached skill level 10 in Fighting
    65 | D        | Killed a wyvern
    66 | D        | Reached skill level 10 in Long Blades
    66 | D        | Reached XP level 7. HP: 40/67 MP: 7/7
    77 | D        | Killed Menkaure
   203 | D        | Found Beyr's Antique Armour Shop.
   206 | D        | Found Lete's Distillery.
   206 | D        | Found Aroaman's Book Boutique.
   206 | D        | Found Bamyd's Distillery.
   207 | D        | Found Zuprup Visma's Distillery.
   207 | D        | Found Corocaqu's General Store.
   208 | D        | Found Osusirphidi's Jewellery Boutique.
   208 | D        | Found Uvoraiwa's Book Shop.
   209 | D        | Noticed a vampire mosquito
   216 | D        | Killed a vampire mosquito
   217 | D        | Reached skill level 5 in Armour
   223 | D        | Found Nolinof's Distillery.
   224 | D        | Found Plog's Jewellery Shop.
   224 | D        | Found Pacachis's Magic Scroll Shop.
   224 | D        | Found Hoboew's Antique Weapon Boutique.
   224 | D        | Noticed a yak
   225 | D        | Found Hihoijir's Distillery.
   225 | D        | Found Deveuf's Antique Armour Boutique.
   233 | D        | XOM: cast spell 'Summon Mana Viper'
   246 | D        | Noticed an oklob plant
   247 | D        | Found Elealomo's Book Shoppe.
   247 | D        | Noticed a yak
   248 | D        | Noticed a yak
   251 | D        | Noticed a manticore
   251 | D        | Noticed a manticore
   268 | D        | Bought a runed plate armour for 546 gold pieces
   287 | D        | Bought a glowing cloak for 157 gold pieces
   338 | D        | Slain by a boulder beetle

Illustrated notes

Levels and vault maps discovered:
D:        the_violet_keep_of_menkaure [sprint2_stairs_cluster_1,
          sprint2_shoproom, sprint2_temple, sprint2_basic_supplies,
          sprint2_obstacle_7, sprint2_obstacle_2, sprint2_obstacle_6,
          sprint2_obstacle_1, sprint2_obstacle_5, sprint2_timed_cluster_1,
          sprint2_smallroom_cluster_1, sprint2_smallroom_final_cluster_1,
          sprint2_transparent_cluster_1, sprint2_second_timed_cluster_1,
          sprint2_sniper_area_1, sprint2_heavy_combat_area_1,
          sprint2_mutation_trap_area_1, sprint2_forest_area_1,
          sprint2_light_combat_area_1, sprint2_behind_water_1,
          sprint2_near_end_vault_1]

Skill      XL: |  1  2  3  4  5  6  7 |
---------------+----------------------+-----
Long Blades    | 3 8 10 11 | 11.0
Armour         | 2 4 5 |  5.2
Dodging        | 1 2 |  2.4
Fighting       | 4 9 10 11 | 11.3
Shields        | |  0.1

Action                   |  1- 3 |  4- 6 |  7- 9 || total
-------------------------+-------+-------+-------++-------
Melee: Falchion          |    13 |    13 |    20 ||    46
       Tailslap          |       |     2 |       ||     2
Evoke: Piece from Xom's  |       |       |     3 ||     3
Armor: Leather armour    |     1 |     3 |     5 ||     9
       Plate armour      |       |       |     1 ||     1
Dodge: Dodged            |       |     9 |     7 ||    16
Block: Other             |       |     1 |     5 ||     6

Table legend: (Time is in decaauts)
 A = Elapsed time spent in this place.
 B = Non-inter-level travel time spent in this place.
 C = Inter-level travel time spent in this place.
 D = Time resting spent in this place.
 E = Time spent auto-exploring this place.
 F = Levels seen in this place.
 G = Mean time per level.
                   A        B        C        D        E       F      G
               +--------+--------+--------+--------+--------+-----+--------+
         Total |    356 |    356 |      0 |    127 |      0 |   1 |  356.0 |
       Dungeon |    356 |    356 |      0 |    127 |      0 |   1 |  356.0 |
               +--------+--------+--------+--------+--------+-----+--------+

Top non-repeatable levels by time:
       D: 356 daAuts
